 Dungeon Crawl Stone Soup version 0.27.0-1-g7a089689b8 (webtiles) character file.

Game seed: 5144301530342133598

2 Raykoid666 the Magician (level 1, 0/13 HPs)
             Began as a Demonspawn Wanderer on Aug 6, 2021.
             Slain by a goblin (2 damage)
             ... on level 1 of the Dungeon.
             The game lasted 00:01:01 (77 turns).

Raykoid666 the Magician (Demonspawn Wanderer)         Turns: 77, Time: 00:01:01

Health: 0/13       AC:  2    Str: 10    XL:     1   Next: 33%
Magic:  4/4        EV: 11    Int: 13    God:
Gold:   10         SH:  0    Dex: 14    Spells: 6/6 levels left

rFire    . . .     SeeInvis .   a - +2 dagger
rCold    . . .     Faith    .   (no shield)
rNeg     . . .     Spirit   .   c - +0 robe
rPois    .         Reflect  .   (no helmet)
rElec    .         Harm     .   (no cloak)
rCorr    .         Rampage  .   (no gloves)
Will     .....                  (no boots)
Stlth    ++........             (no amulet)
HPRegen  0.04/turn              (no ring)
MPRegen  0.09/turn              (no ring)

@: no status effects
A: no striking features
a: no special abilities


You were on level 1 of the Dungeon.
You visited 1 branch of the dungeon, and saw 1 of its levels.

You collected 10 gold pieces.

Inventory:

Hand Weapons
 a - a +2 dagger (weapon)
 d - a +0 hunting sling
Armour
 c - a +0 robe (worn)
Potions
 b - a potion of haste


   Skills:
 * Level 0.1 Fighting
 * Level 0.1 Dodging
 - Level 1.0 Stealth
 + Level 3.0 Spellcasting
 + Level 2.0 Conjurations
 - Level 1.7 Translocations
 - Level 1.0 Earth Magic
 - Level 1.0 Evocations


You had 6 spell levels left.
You didn't know any spells.
Your spell library contained the following spells:

 Spells                   Type           Power      Damage    Failure   Level
 Magic Dart               Conj           28%        1d4       10%         1
 Summon Small Mammal      Summ           8%         N/A       22%         1
 Conjure Flame            Conj/Fire      4%         6-21      41%         3
 Summon Guardian Golem    Hex/Summ       2%         N/A       56%         3


Dungeon Overview and Level Annotations

Branches:
Dungeon (1/15)

Altars:


Message History

The jackal bites you. x3
The jackal bites you.
A goblin comes into view. It is wielding a +0 club.
You hit the jackal.
The jackal is lightly wounded.
The jackal barely misses you. The jackal closely misses you.
You hit the jackal but do no damage.
The jackal is lightly wounded.
The jackal bites you but does no damage.
You hit the jackal.
The jackal is severely wounded.
The jackal closely misses you.
You hit the jackal.
You kill the jackal!
The bat hits you but does no damage. The bat barely misses you.
You barely miss the bat. The bat hits you.
You hit the jackal.
The jackal is almost dead.
The jackal completely misses you. The jackal closely misses you.
You closely miss the jackal.
The jackal is almost dead.
The jackal closely misses you.
You closely miss the jackal.
The jackal is almost dead.
The jackal bites you. x2
You barely miss the jackal.
The jackal is almost dead.
The jackal bites you.
* * * LOW HITPOINT WARNING * * *
You barely miss the jackal.
The jackal is almost dead.
The jackal barely misses you.
You hit the jackal.
You kill the jackal!
The bat hits you but does no damage. x2
You hit the bat.
The bat is severely wounded.
The bat closely misses you.
You completely miss the goblin. The goblin hits you with a +0 club.
You die...

### #.## #..# . ######
#..# ...
####.♣♣.♣#####..##.....
##○♣.♣.♣.♣♣°☼##b......g.
#§☼♣♣.⌠.⌠♣.♣.♣#g###.....
##♣♣.♣⌠..§§.♣♣.#@## ##.
#..♣.⌠..8.°⌠♣♣.♣..#
#♣♣.⌠.§.....⌠.♣♣#.#
♣♣..8.<.8.......#
♣⌠.......⌠♣.♣..#
♣.⌠..8..⌠.♣.♣#.#
#♣♣.♣⌠...⌠♣.♣♣##.#
#§○♣♣.⌠.⌠♣☼♣☼♣ #.#
##☼○.♣♣..♣○§.# ..#


You could see a goblin and a bat.

Vanquished Creatures
  2 jackals (D:1)
2 creatures vanquished.

Vanquished Creatures (others)
  2 fungi (D:1)
2 creatures vanquished.

Grand Total: 4 creatures vanquished

Notes
Turn   | Place    | Note
-------+----------+-------------------------------------------
     0 | D:1      | Raykoid666 the Demonspawn Wanderer began the quest for the
                  | Orb.
     0 | D:1      | Raykoid666 set off with the following items: a +2 dagger, a
                  | potion of haste, a +0 robe; and the following spells
                  | available to memorise: Magic Dart, Summon Small Mammal,
                  | Conjure Flame, Summon Guardian Golem
     0 | D:1      | Reached XP level 1. HP: 13/13 MP: 4/4
    77 | D:1      | Slain by a goblin

Illustrated notes

Levels and vault maps discovered:
D:1:      heliophobic_arrival_enchanted_forest, layout_rooms,
          shapermc_ecumenical_altar_rom_forum

Action                   || total
-------------------------++-------
Melee: Dagger            ||    15
Armor: Robe              ||     7
Dodge: Dodged            ||    10
